 Dungeon Crawl Stone Soup version 0.29-a0-557-g43b9904bd1 (webtiles) character file.

Game seed: 2411787646018301126

106 Lancel07 the Chopper (level 4, -3/40 HPs)
             Began as a Hill Orc Monk on June 9, 2022.
             Succumbed to an orc wizard's poison
             ... on level 3 of the Dungeon.
             The game lasted 00:04:10 (2276 turns).

Lancel07 the Chopper (Hill Orc Monk)                Turns: 2276, Time: 00:04:11

Health: -3/40      AC: 19    Str: 14 (15) XL:     4   Next: 84%
Magic:  4/4        EV:  6    Int:  7 (10) God:
Gold:   61         SH:  0    Dex: 11 (13) Spells: 3/3 levels left

rFire   . . .      SeeInvis .   a - +0 hand axe
rCold   . . .      Faith    .   (no shield)
rNeg    . . .      Spirit   .   m - +11 chain mail "Sast" {rCorr}
rPois   .          Reflect  .   (no helmet)
rElec   .          Harm     .   (no cloak)
rCorr   +          Rampage  .   (no gloves)
Will    .....                   (no boots)
Stlth   ..........              (no amulet)
HPRegen 0.13/turn               (no ring)
MPRegen 0.09/turn               (no ring)

@: confused, mighty, lethally poisoned (-3 -> -24)
A: hooves 2, MP-powered wands
a: no special abilities


You were on level 3 of the Dungeon.
You visited 1 branch of the dungeon, and saw 3 of its levels.

You collected 131 gold pieces.
You spent 70 gold pieces at shops.

Inventory:

Hand Weapons
 a - a +0 hand axe (weapon)
Armour
 m - the +11 chain mail "Sast" (worn) {rCorr}
   (You found it on level 3 of the Dungeon)

   rCorr:     It protects you from acid and corrosion.
Scrolls
 b - a scroll of noise {unknown}
 d - a scroll of vulnerability {unknown}
 e - 2 scrolls of identify {unknown}
 h - a scroll of torment {unknown}
 k - a scroll of fog {unknown}
Potions
 f - a potion of brilliance {unknown}
 g - a potion of curing {unknown}
 i - 2 potions of degeneration


   Skills:
 + Level 4.3 Fighting
 + Level 5.5 Axes
 + Level 1.9 Armour
 + Level 2.9 Dodging
 - Level 1.5 Stealth


You had 3 spell levels left.
You didn't know any spells.
Your spell library was empty.

Dungeon Overview and Level Annotations

Branches:
Dungeon (3/15)

Altars:

Shops:
D:1 =   D:3 !


Innate Abilities, Weirdness & Mutations

You have hoof-like feet.
You expend magic power (3 MP) to strengthen your wands.


Message History

Something hits you. x2
You bump into the rock wall.
You feel sick. Something hits you.
You hear some strange, mumbled words.
You are more confused.
You feel very sick. Something hits you but does no damage.
You hear some strange, mumbled words.
You feel sick. Something hits you but does no damage.
You are more poisoned.
* * * LOW HITPOINT WARNING * * *
You feel very sick.
An orc wizard appears from thin air!
Reactivating autopickup.
You bump into the rock wall.
* * * LOW HITPOINT WARNING * * *
You feel very sick.
The orc wizard hits you but does no damage.
You are lethally poisoned!
You hit the orc wizard but do no damage.
The orc wizard is heavily wounded.
* * * LOW HITPOINT WARNING * * *
You feel very sick.
The orc wizard hits you but does no damage.
It was a potion of degeneration.
There was something very wrong with that liquid.
You feel weakened.
You feel dopey.
You feel clumsy.
* * * LOW HITPOINT WARNING * * *
You feel very sick. The orc wizard barely misses you.
It was a potion of mutation.
You feel extremely strange.
You feel your magical essence link to the dungeon's wands.
Your feet thicken and deform. x2
* * * LOW HITPOINT WARNING * * *
You feel sick.
The orc wizard hits you but does no damage.
You are more poisoned.
It was a potion of might.
You feel very mighty all of a sudden.
You die...

........##......#.#...
#.........#....#..
#...####..........
#....###.###......
......#...##.# ......
#####.#.#.##.###......
#.#.#.##..........
#.#.#..#..# ###...
#@#.##....####....
#.o!##.#..........
##....)....# .##..
#...)....## #..
#...........# #..
#.####......# #.. #
#......# .. #......#
#. .......# .


You could see an orc wizard.

Vanquished Creatures
  An orc wizard (D:3)
  2 adders (D:2)
  An ufetubus (D:2)
  A worm (D:2)
  A dart slug (D:1)
  4 orcs (D:3)
  10 bats
  6 endoplasms
  4 goblins
  2 hobgoblins (D:2)
  7 kobolds
  3 quokkas
  4 ball pythons
  4 frilled lizards
  3 rats
53 creatures vanquished.

Notes
Turn   | Place    | Note
-------+----------+-------------------------------------------
     0 | D:1      | Lancel07 the Hill Orc Monk began the quest for the Orb.
     0 | D:1      | Reached XP level 1. HP: 19/19 MP: 1/1
   249 | D:1      | HP: 1/20 [quokka (3)]
   304 | D:1      | Reached XP level 2. HP: 21/27 MP: 2/2
   398 | D:1      | Found Kununatt's Jewellery Boutique.
   897 | D:2      | Reached XP level 3. HP: 21/33 MP: 3/3
   933 | D:2      | Reached skill level 1 in Armour
  1450 | D:2      | Reached skill level 5 in Axes
  1609 | D:2      | Reached XP level 4. HP: 33/40 MP: 4/4
  1890 | D:3      | Identified the +11 chain mail "Sast" {rCorr}
  1973 | D:3      | Found Tuopapniel's Distillery.
  1987 | D:3      | Bought a potion of heal wounds for 70 gold pieces
  2275 | D:3      | Gained mutation: You expend magic power (3 MP) to
                  | strengthen your wands. [potion of mutation]
  2275 | D:3      | Gained mutation: You have large cloven feet. [potion of
                  | mutation]
  2275 | D:3      | Gained mutation: You have hoof-like feet. [potion of
                  | mutation]
  2275 | D:3      | HP: 2/40 [poisoned by an orc wizard]
  2276 | D:3      | Succumbed to an orc wizard's poison

Illustrated notes

Levels and vault maps discovered:
D:1:      minmay_arrival_five_plusses, layout_rooms, serial_shops,
          nicolae_shop_hallway_plus
D:2:      layout_loops_cross, minmay_fractal_squares_5
D:3:      layout_rooms, serial_shops, shop, minivault_27, minmay_distorted

Skill      XL: |  1  2  3 |
---------------+----------+-----
Fighting       | 4 |  4.3
Armour         | 1 |  1.9
Axes           | 5 |  5.5
Dodging        | |  2.9
Stealth        | |  1.5

Action                   |  1- 3 |  4- 6 || total
-------------------------+-------+-------++-------
Melee: Hand axe          |   137 |    56 ||   193
       Punch             |     3 |       ||     3
  Use: Potion            |     1 |     5 ||     6
 Stab: Sleeping          |     1 |       ||     1
Armor: Leather armour    |    13 |       ||    13
       Scale mail        |    44 |       ||    44
       Plate armour      |    17 |     7 ||    24
       Chain mail        |       |    62 ||    62
Dodge: Dodged            |   105 |    14 ||   119

Table legend: (Time is in decaauts)
 A = Elapsed time spent in this place.
 B = Non-inter-level travel time spent in this place.
 C = Inter-level travel time spent in this place.
 D = Time resting spent in this place.
 E = Time spent auto-exploring this place.
 F = Levels seen in this place.
 G = Mean time per level.
                   A        B        C        D        E       F      G
               +--------+--------+--------+--------+--------+-----+--------+
         Total |   2287 |   2287 |      0 |      0 |   1747 |   3 |  762.3 |
       Dungeon |   2287 |   2287 |      0 |      0 |   1747 |   3 |  762.3 |
               +--------+--------+--------+--------+--------+-----+--------+

Top non-repeatable levels by time:
     D:2: 1059 daAuts
     D:1: 822 daAuts
     D:3: 405 daAuts
